 Dungeon Crawl Stone Soup version 0.16-a0-4113-g7d8e295 (webtiles) character file.

56 toofou the Slasher (level 3, -3/33 HPs)
             Began as a Minotaur Berserker on Feb 28, 2015.
             Was a Believer of Trog.
             Slain by Crazy Yiuf
             ... wielding a +4 quarterstaff of chaos
              (11 damage)
             ... on level 2 of the Dungeon.
             The game lasted 00:05:00 (1080 turns).

toofou the Slasher (Minotaur Berserker)             Turns: 1080, Time: 00:05:00

Health: -3/33      AC:  8    Str: 22    XL:     3   Next: 71%
Magic:  2/2        EV: 12    Int:  4    God:    Trog [**....]
Gold:   31         SH:  0    Dex:  9    Spells: 0 memorised, 2 levels left

rFire  . . .     SeeInvis .     a - +0 falchion
rCold  . . .     Clarity  .     s - +0 leather armour
rNeg   + . .     SustAb   .     (no shield)
rPois  .         Gourm    .     (helmet restricted)
rElec  .         Spirit   .     (no cloak)
rCorr  .         Warding  .     g - +1 pair of gloves
rMut   .         Stasis   .     j - +2 pair of boots
MR     .....                    (no amulet)
Stlth  +.........               (no ring)
                                e - ring of positive energy

@: not resistant to hostile enchantments, very unstealthy
A: retaliatory headbutt, horns 2
a: Burn Spellbooks, Berserk, Trog's Hand, Renounce Religion


You were on level 2 of the Dungeon.
You worshipped Trog.
Trog was pleased with you.
You were not hungry.

You visited 1 branch of the dungeon, and saw 2 of its levels.

You collected 31 gold pieces.

Inventory:

Hand weapons
 a - a +0 falchion (weapon)
Armour
 g - a +1 pair of gloves (worn)
 j - a +2 pair of boots (worn)
 s - a +0 leather armour (worn)
Jewellery
 e - a ring of positive energy (left hand)
 r - a cursed ring of positive energy
Scrolls
 d - 2 scrolls of random uselessness {unknown}
 f - a scroll of enchant weapon {unknown}
 k - a scroll of teleportation {unknown}
 l - a scroll of fog {unknown}
 o - 2 scrolls of remove curse {unknown}
 p - a scroll of identify {unknown}
Potions
 b - a potion of curing {unknown}
 h - a potion of brilliance {unknown}
 m - 2 potions of agility
 q - a potion of restore abilities {unknown}
Comestibles
 i - 5 fruits
 n - a meat ration


   Skills:
 + Level 4.2 Fighting
 + Level 4.6 Long Blades
 + Level 2.6 Armour
 + Level 2.9 Dodging


You had 2 spell levels left.
You didn't know any spells.

Dungeon Overview and Level Annotations

Branches:
Dungeon (2/15)

Altars:
Ashenzari
Qazlal

Annotations:
D:2 Crazy Yiuf


Innate Abilities, Weirdness & Mutations

You reflexively headbutt those who attack you in melee.
You have a pair of horns on your head.


Message History

Crazy Yiuf says, "Crazy?
Crazy!?
PORCUPINE!"
Crazy Yiuf misses you. You furiously retaliate!
You headbutt Crazy Yiuf. You closely miss Crazy Yiuf.
Crazy Yiuf is heavily wounded.
Crazy Yiuf hits you with a quarterstaff of chaos!
Crazy Yiuf burns you.
You hit Crazy Yiuf. Your headbutt misses Crazy Yiuf.
Crazy Yiuf is severely wounded.
Crazy Yiuf sings, "Trees, trees, trees, circus!"
Crazy Yiuf hits you with a quarterstaff of chaos.
Crazy Yiuf freezes you.
You closely miss Crazy Yiuf. Your headbutt misses Crazy Yiuf.
Crazy Yiuf is severely wounded.
Crazy Yiuf closely misses you.
You barely miss Crazy Yiuf. Your headbutt misses Crazy Yiuf.
Crazy Yiuf is severely wounded.
Crazy Yiuf hits you with a quarterstaff of chaos!
* * * LOW HITPOINT WARNING * * *
You are electrocuted!
You die...

####### #.....# #
#.###.##. #.###.#.#
#.#....# ###
♣♣##.#.#..# #)..#♣♣
♣....#....#
#...g@♣♣♣♣♣........#.#
#...#♣..♣......##.###.
### ♣♣♣.♣....###.###.
♣♣♣♣♣##......#
#.#.#..# #..##..#
#.###.#.. ### #.###
#.#


You could see Crazy Yiuf.

Vanquished Creatures
  Robin (D:2)
  A giant gecko (D:1)
  An ooze (D:1)
  2 bats
  8 hobgoblins
  4 jackals (D:2)
  4 kobolds (D:1)
  2 ball pythons (D:1)
  3 giant newts
  10 goblins
  5 rats (D:1)
41 creatures vanquished.

Notes
Turn   | Place    | Note
--------------------------------------------------------------
     0 | D:1      | toofou, the Minotaur Berserker, began the quest for the Orb.
     0 | D:1      | Reached XP level 1. HP: 19/19 MP: 1/1
   277 | D:1      | Reached XP level 2. HP: 25/27 MP: 1/1
   404 | D:1      | Reached skill level 4 in Long Blades
   614 | D:1      | Acquired Trog's second power
   756 | D:2      | Found a shattered altar of Ashenzari.
   769 | D:2      | Reached XP level 3. HP: 28/33 MP: 2/2
   770 | D:2      | Noticed Robin
   791 | D:2      | Killed Robin
  1028 | D:2      | Found a stormy altar of Qazlal.
  1071 | D:2      | Noticed Crazy Yiuf
  1080 | D:2      | Slain by Crazy Yiuf

Action                   || total
-------------------------++-------
Melee: Falchion          ||    81
Invok: Berserk           ||     1
  Eat: Bread ration      ||     1
